 Dungeon Crawl Stone Soup version 0.22-a0-348-gd16d1391c7 (webtiles) character file.

474814 Laan the Slayer (level 23, -1/235 HPs)
             Began as a Centaur Hunter on Apr 7, 2018.
             Was the Champion of Okawaru.
             Slain by a red ugly thing (9 damage)
             ... on level 5 of the Vaults.
             The game lasted 02:09:41 (57571 turns).

Laan the Slayer (Centaur Hunter)                   Turns: 57571, Time: 02:09:42

Health: -1/235     AC: 10    Str: 30    XL:     23   Next: 60%
Magic:  31/31      EV:  6    Int: 10    God:    Okawaru [******]
Gold:   2427       SH:  0    Dex: 15    Spells: 22/22 levels left

rFire    + . .     SeeInvis +   a - +9 longbow (velocity)
rCold    + + .     Gourm    .   (shield currently unavailable)
rNeg     + . .     Faith    .   y - +5 chain mail "Conox" {-Cast rPois Str+4 Slay+3}
rPois    +         Spirit   .   v - +0 hat "Lyghulum" {rElec rF- rC+ Dex+2}
rElec    +         Reflect  .   c - scarf {rC+ rF+}
rCorr    .         Harm     .   i - +2 pair of gloves of Niuraxacve {rN+ Str+2 Dex+2}
MR       ++...     NoCast   +   X - +0 centaur barding {Fly}
Stlth    ..........             W - amulet of the acrobat
HPRegen  0.49/turn              I - ring "Fusamog" {Wiz rF+ MR+ Slay+3}
MPRegen  0.22/turn              J - ring of see invisible

@: corroded, flying, studying Dodging, very quick
A: large, hooves 3, deformed body, speed 2, tough skin 3
}: 2/15 runes: serpentine, barnacled
a: Heroism, Finesse, Renounce Religion, Stop Flying


You were on level 5 of the Vaults.
You worshipped Okawaru.
Okawaru was exalted by your worship.
You were not hungry.

You visited 7 branches of the dungeon, and saw 41 of its levels.
You visited 1 bazaar.
You also visited: Labyrinth and Sewer.

You collected 4360 gold pieces.
You spent 1933 gold pieces at shops.

Inventory:

Hand Weapons
 a - a +9 longbow of velocity (weapon)
 b - a +8 longbow of freezing
 P - a +3 triple sword of electrocution
Missiles
 d - 1176 arrows (quivered)
Armour
 c - a scarf of resistance (worn)
 i - the +2 pair of gloves of Niuraxacve (worn) {rN+ Str+2 Dex+2}
   (Okawaru gifted it to you on level 5 of the Depths)

   It affects your strength (+2).
   It affects your dexterity (+2).
   It protects you from negative energy.
 s - a +1 centaur barding of fire resistance
 t - the +0 mask of the Dragon {MR+ Slay+3 SInv}
   (You bought it in a shop in a bazaar)

   It affects your accuracy and damage with ranged weapons and melee attacks
   (+3).
   It affects your resistance to hostile enchantments.
   It lets you see invisible.
 v - the +0 hat "Lyghulum" (worn) {rElec rF- rC+ Dex+2}
   (Okawaru gifted it to you on level 13 of the Dungeon)

   It affects your dexterity (+2).
   It makes you vulnerable to fire.
   It protects you from cold.
   It insulates you from electricity.
 y - the +5 chain mail "Conox" (worn) {-Cast rPois Str+4 Slay+3}
   (You found it on level 6 of the Lair of Beasts)

   It affects your strength (+4).
   It affects your accuracy and damage with ranged weapons and melee attacks
   (+3).
   It protects you from poison.
   It prevents spellcasting.
 X - a +0 centaur barding of flying (worn)
Jewellery
 m - the ring of Fustroph {rF+ rN+}
   (You acquired it on level 5 of the Lair of Beasts)

   [ring of protection from fire]

   It protects you from fire.
   It protects you from negative energy.
 I - the ring "Fusamog" (left hand) {Wiz rF+ MR+ Slay+3}
   (You found it on level 5 of the Lair of Beasts)

   [ring of wizardry]

   It improves your spell success rate.
   It affects your accuracy and damage with ranged weapons and melee attacks
   (+3).
   It protects you from fire.
   It affects your resistance to hostile enchantments.
 J - a ring of see invisible (right hand)
 K - an uncursed ring of protection from magic
 Q - an uncursed ring of protection from cold {unknown}
 R - a +3 ring of evasion
 T - an uncursed ring of resist corrosion
 V - a +5 ring of evasion
 W - an amulet of the acrobat (around neck)
Wands
 q - a wand of iceblast (24)
 r - a wand of acid (17)
 w - a wand of scattershot (5)
 z - a wand of digging (24)
 D - a wand of disintegration (33)
 N - a wand of flame (83)
Scrolls
 j - 12 scrolls of teleportation
 k - 10 scrolls of identify
 u - 7 scrolls of fear
 x - 5 scrolls of fog
 G - 9 scrolls of enchant armour
 L - 28 scrolls of remove curse
 Y - 2 scrolls of magic mapping
Potions
 e - 10 potions of might
 h - 6 potions of lignification
 l - 3 potions of curing
 n - a potion of ambrosia
 p - a potion of heal wounds
 A - 5 potions of berserk rage
 B - 5 potions of cancellation
 C - 4 potions of invisibility
 E - 4 potions of agility
 F - 5 potions of haste
 H - 2 potions of resistance
 M - a potion of magic
 O - 2 potions of brilliance
 S - 2 potions of mutation
Books
 g - a manual of Dodging
Comestibles
 f - 64 rations
 o - 16 chunks of flesh


   Skills:
 + Level 25.6 Fighting
 - Level 20.0 Bows
 + Level 20.1 Armour
 - Level 1.3 Dodging
 - Level 0.4 Stealth
 - Level 11.3 Invocations


You had 22 spell levels left.
You didn't know any spells.

Dungeon Overview and Level Annotations

Branches:
Dungeon (15/15)            Temple (0/1) D:6            Lair (6/6) D:9
 Shoals (4/4) Lair:2        Snake (4/4) Lair:4        Slime (0/5) Lair:5
    Orc (2/2) D:9             Elf (0/3) Orc:2        Vaults (5/5) D:14
  Crypt (0/3) Vaults:3     Depths (5/5) D:15            Zot (0/5) Depths:5

Altars:
Ashenzari
Dithmenos
Elyvilon
Kikubaaqudgha
Okawaru
Wu Jian
Xom
Yredelemnul
Jiyva

Shops:
D:11 =   D:12 }   D:15 ?   Orc:1 :   Orc:2 [([[   Vaults:1 (   Depths:1 }==

Portals:
Hell: Depths:1 Depths:2 Depths:3 Depths:4 Depths:5
Abyss: Depths:2 Depths:4
Pandemonium: Depths:3 Depths:5
Ziggurat: Depths:2
Trove: Vaults:3 (give horn of Geryon)

Annotations:
Depths:4 1 transporter


Innate Abilities, Weirdness & Mutations

You have hooves in place of feet.
Armour fits poorly on your strangely shaped body.
You cover ground very quickly.
You have extremely tough skin. (AC +3)


Message History

Aim: a redback (clinging)
You shoot an arrow. The arrow hits the redback!
The redback is heavily wounded.
The redback bites you but does no damage. x2
The phantasmal warrior hits you!! The red ugly thing claws you!
You are engulfed in flames!
You resist. The redback bites you!
* * * LOW HITPOINT WARNING * * *
You are poisoned.
The redback poisons you!
You feel sick. The redback misses you. The phantasmal warrior hits you!!
* * * LOW HITPOINT WARNING * * *
You feel better. The redback bites you!
* * * LOW HITPOINT WARNING * * *
The redback bites you but does no damage.
The phantasmal warrior hits you!!
* * * LOW HITPOINT WARNING * * *
The red ugly thing claws you!
* * * LOW HITPOINT WARNING * * *
You are engulfed in flames!
You resist.
You die...

#..(.#..# # #.(.(#..# #
#...(#..# # .. #.(u.#..######
#### ...#.((s#......(. ....
#.....(.....).... ...
#........######################
..........)((uuW.).)).....((....
.............ss@....)...........
################################


You could see a white very ugly thing, a red ugly thing, a phantasmal warrior
and 2 redbacks.

Vanquished Creatures
  Sojobo (Depths:4)
  Frederick (Vaults:3)
  Nikola (Shoals:4)
  A golden dragon (Depths:5)
  A Tzitzimitl (Depths:2)
  3 liches
  A tentacled monstrosity (Vaults:1)
  2 titans
  5 tengu reavers
  5 draconian monks (Depths:5)
  3 storm dragons
  Kirke (Shoals:4)
  3 shadow dragons
  The ghost of dricus the Phalangite, an adept MfGl of Okawaru (Shoals:1)
  An azure jelly (Depths:4)
  6 nagarajas (Snake:4)
  Donald (Vaults:2)
  5 fire giants
  Ilsuiw (Shoals:4)
  8 vault wardens
  6 frost giants
  3 iron dragons
  2 deep elf sorcerers
  A draconian stormcaller (Depths:5)
  2 draconian annihilators (Depths:5)
  13 stone giants
  12 ironheart preservers
  A spriggan defender (Depths:3)
  5 entropy weavers
  17 very ugly things
  5 green draconians (Depths:5)
  4 vampire knights
  5 deep elf demonologists
  5 deep elf annihilators
  5 red draconians (Depths:5)
  4 black draconians (Depths:5)
  Azrael (D:13)
  6 dire elephants (Lair:6)
  2 white draconians (Depths:5)
  4 spark wasps
  A minotaur (Lab)
  3 purple draconians (Depths:5)
  12 fire dragons
  A crystal guardian (Vaults:3)
  A deep elf death mage (Depths:3)
  7 great orbs of eyes
  8 merfolk javelineers
  2 death oozes (Depths:4)
  8 ettins
  7 merfolk impalers
  6 vault guards
  The ghost of sonasty the Thaumaturge, a journeyman DEFE of Vehumet (Lair:5)
  6 ice dragons
  A hell beast (Depths:4)
  7 yaktaur captains
  20 naga warriors
  14 hydras
  8 rakshasas
  3 spriggan air magi (Depths:5)
  54 two-headed ogres
  2 merfolk avatars (Shoals:3)
  An alligator (Snake:2)
  4 merfolk aquamancers
  A queen ant (Lair:5)
  2 dancing weapons (D:14)
  9 anacondas
  14 centaur warriors
  14 deep troll shamans
  2 alligator snapping turtles (Shoals:4)
  20 ogre magi
  A queen ant (shapeshifter) (Vaults:4)
  15 naga sharpshooters
  6 orc high priests (Orc:2)
  16 death yaks
  7 tengu warriors
  Urug (D:13)
  A vampire mage (Depths:2)
  3 spriggan berserkers
  10 shock serpents
  A deep troll earth mage (Depths:3)
  9 hell knights
  A titan skeleton (Vaults:4)
  The ghost of MirrMurr the Covert, a journeyman SpBe of Trog (D:11)
  A shock serpent (shapeshifter) (Vaults:4)
  7 deep elf knights
  3 salamander mystics
  10 iron trolls
  6 unseen horrors
  A storm dragon skeleton (Depths:1)
  6 shadow wraiths
  A death drake (Depths:5)
  2 flayed ghosts
  A spriggan druid (Depths:5)
  26 deep trolls
  2 swamp dragons (Snake:2)
  3 shadow demons (Depths:2)
  10 sea snakes
  7 naga ritualists
  4 glowing orange brains
  9 deep elf archers
  A golden dragon skeleton (Depths:1)
  18 orc knights
  A tengu zombie (Vaults:4)
  8 necromancers
  17 ironbrand convokers
  9 lindwurms
  5 wizards
  13 mana vipers
  An orb spider (shapeshifter) (Vaults:4)
  4 oklob plants (Lair:6)
  11 harpies
  A manticore (shapeshifter) (Vaults:3)
  6 orc sorcerers
  18 deep elf magi
  A cyclops (shapeshifter) (Vaults:3)
  A sphinx skeleton (Depths:4)
  3 wolf spiders
  43 ugly things
  11 manticores
  4 fauns (Shoals:1)
  7 cyclopes
  19 salamanders
  2 centaur zombies
  2 frost giant skeletons
  Maurice (D:13)
  27 elephants
  A human skeleton (Vaults:2)
  A stone giant skeleton (Vaults:2)
  6 guardian serpents
  A molten gargoyle (Depths:3)
  5 spectral swamp worms (Depths:3)
  20 naga magi
  2 gargoyles (D:15)
  2 water nymphs (Shoals:4)
  2 torpor snails
  8 spiny frogs
  5 freezing wraiths
  14 vault sentinels
  37 black mambas
  An efreet (D:15)
  34 yaktaurs
  2 demonic crawlers (D:12)
  8 komodo dragons
  A rime drake (shapeshifter) (Vaults:4)
  4 rime drakes
  2 centaur skeletons (D:15)
  5 tengu conjurers
  A red devil (Depths:4)
  A queen bee (shapeshifter) (Depths:3)
  6 trolls
  A jumping spider (Vaults:3)
  A shadow dragon simulacrum (Depths:4)
  17 merfolk
  A tengu simulacrum (Vaults:2)
  A wind drake (shapeshifter) (Vaults:3)
  4 polar bears
  3 tyrant leeches (D:12)
  6 hornets
  21 slime creatures
  6 blink frogs
  An ettin zombie (Vaults:4)
  8 wind drakes
  7 hippogriffs
  9 snapping turtles
  A dream sheep (shapeshifter) (Depths:1)
  2 raiju (shapeshifter)
  A redback (shapeshifter) (Depths:5)
  A centaur simulacrum (D:14)
  2 redbacks (Vaults:3)
  20 water elementals
  A vampire (D:11)
  9 shadows
  4 wraiths
  2 spriggans
  A spriggan (shapeshifter) (Vaults:4)
  3 hogs (Shoals:4)
  4 fire elementals (D:13)
  A human (shapeshifter) (Depths:3)
  5 basilisks
  2 fire bats (D:12)
  4 wyverns
  A steam dragon (shapeshifter) (Vaults:3)
  40 yaks
  2 hungry ghosts (D:7)
  A yaktaur simulacrum (Depths:1)
  2 nagas (shapeshifter)
  11 vampire mosquitoes
  85 nagas
  A swamp worm (Snake:2)
  14 wargs
  19 soldier ants
  5 acid dragons
  8 water moccasins
  13 porcupines
  2 hell hounds (D:13)
  43 orc warriors
  2 swamp drakes (Depths:5)
  6 ice beasts
  A black bear (shapeshifter) (Vaults:1)
  A necrophage (D:13)
  5 phantoms
  5 black bears
  An eye of draining (D:11)
  7 sky beasts
  40 ogres
  21 boggarts
  19 wolves
  35 centaurs
  A centaur (shapeshifter) (Vaults:1)
  A crocodile (shapeshifter) (Vaults:3)
  20 crocodiles
  2 big kobolds
  13 bullfrogs
  A human simulacrum (Vaults:2)
  A wyvern skeleton (D:11)
  A wyvern zombie (D:13)
  8 scorpions
  9 wights
  3 howler monkeys
  2 vampire bats (D:12)
  4 electric eels
  8 crimson imps
  A bullfrog zombie (D:12)
  3 bullfrog skeletons
  3 jellies
  29 orc priests
  5 hounds
  17 orc wizards
  3 iguanas
  2 hell rats (D:12)
  27 worker ants
  A hound zombie (D:5)
  A hound skeleton (D:7)
  A worker ant zombie (D:6)
  9 gnolls
  7 river rats
  13 adders
  4 shadow imps
  A white imp (Depths:3)
  2 oozes (Sewer)
  2 adder zombies
  3 adder skeletons
  7 worms (D:12)
  5 dart slugs
  7 leopard geckos
  108 orcs
  15 giant cockroaches
  7 goblins
  11 hobgoblins
  3 jackals (D:3)
  25 kobolds
  4 ball pythons
  A ball python zombie (D:5)
  12 bats
  10 frilled lizards
  A quokka skeleton (D:4)
  31 rats
  2 crawling corpses (Depths:3)
  6 plants
1969 creatures vanquished.

Vanquished Creatures (others)
  A shadow wraith (Vaults:1)
  A sea snake (Shoals:4)
  A black mamba (Snake:1)
  A human (Shoals:4)
  A boggart (Depths:4)
  2 bushes
  56 fungi
  57 plants
120 creatures vanquished.

Grand Total: 2089 creatures vanquished

Notes
Turn   | Place    | Note
-------+----------+-------------------------------------------
     0 | D:1      | Laan the Centaur Hunter began the quest for the Orb.
     0 | D:1      | Reached XP level 1. HP: 17/17 MP: 1/1
    89 | D:1      | Reached XP level 2. HP: 24/24 MP: 2/2
   336 | D:1      | Reached XP level 3. HP: 30/30 MP: 3/3
  1391 | D:2      | Found an ornate altar of the Wu Jian Council.
  1421 | D:2      | Reached skill level 3 in Fighting
  1421 | D:2      | Reached XP level 4. HP: 38/38 MP: 4/4
  1636 | D:3      | Reached XP level 5. HP: 45/45 MP: 5/5
  1673 | D:3      | Found a glowing drain.
  1718 | Sewer    | Entered a sewer
  2163 | Sewer    | Reached skill level 4 in Fighting
  2163 | Sewer    | Reached XP level 6. HP: 40/52 MP: 6/6
  2628 | D:3      | Found an iron altar of Okawaru.
  2646 | D:3      | Became a worshipper of Warmaster Okawaru
  2721 | D:3      | Found a shattered altar of Ashenzari.
  3490 | D:4      | Reached XP level 7. HP: 60/60 MP: 7/7
  3941 | D:4      | Reached skill level 10 in Bows
  4037 | D:5      | Entered Level 5 of the Dungeon
  4048 | D:5      | Reached skill level 5 in Fighting
  4062 | D:5      | Reached * piety under Okawaru
  4228 | D:5      | Reached XP level 8. HP: 30/69 MP: 8/8
  4720 | D:5      | Reached skill level 6 in Fighting
  4935 | D:5      | Reached ** piety under Okawaru
  5189 | D:6      | Found a staircase to the Ecumenical Temple.
  5555 | D:6      | Reached skill level 7 in Fighting
  5555 | D:6      | Reached XP level 9. HP: 72/79 MP: 9/9
  5890 | D:6      | Found a shadowy altar of Dithmenos.
  6350 | D:7      | Reached *** piety under Okawaru
  7134 | D:7      | Reached skill level 8 in Fighting
  7421 | D:8      | Received a gift from Okawaru
  7866 | D:8      | Got a twisted short sword
  7867 | D:8      | Identified the +1 short sword of the Pure Mice {pierce, MR+} (You found it on level 8 of the Dungeon)
  8087 | D:8      | Reached skill level 15 in Bows
  8519 | D:9      | Reached **** piety under Okawaru
  8519 | D:9      | Reached XP level 10. HP: 67/90 MP: 10/10
  8538 | D:9      | Received a gift from Okawaru
  8628 | D:9      | Found a staircase to the Orcish Mines.
  9109 | D:9      | Reached skill level 1 in Armour
  9115 | D:9      | Reached skill level 9 in Fighting
  9132 | D:9      | Found a staircase to the Lair.
  9209 | D:9      | Received a gift from Okawaru
  9823 | Lair:1   | Entered Level 1 of the Lair of Beasts
  9908 | Lair:1   | Reached ***** piety under Okawaru
  9917 | Lair:1   | Reached skill level 10 in Fighting
  9980 | Lair:1   | Received a gift from Okawaru
 10478 | Lair:1   | Reached XP level 11. HP: 101/101 MP: 11/11
 10877 | Lair:2   | Received a gift from Okawaru
 10960 | Lair:2   | Reached skill level 5 in Armour
 11009 | Lair:2   | Reached skill level 11 in Fighting
 11376 | Lair:2   | Received a gift from Okawaru
 11587 | Lair:2   | Received a gift from Okawaru
 11864 | Lair:2   | Noticed a death yak
 11893 | Lair:2   | Killed a death yak
 11893 | Lair:2   | Received a gift from Okawaru
 11945 | Lair:2   | Got a sparkling golden amulet
 12091 | Lair:2   | Found a staircase to the Shoals.
 12327 | Lair:3   | Identified the amulet of the Demon Prince {Inacc *Drain rN+ MR+ Str+3} (You found it on level 2 of the Lair of Beasts)
 12346 | Lair:3   | Reached skill level 12 in Fighting
 12566 | Lair:3   | Reached ****** piety under Okawaru
 12651 | Lair:3   | Reached XP level 12. HP: 112/112 MP: 12/12
 12663 | Lair:3   | Received a gift from Okawaru
 12678 | Lair:3   | Received a gift from Okawaru
 13212 | Lair:4   | Found a staircase to the Snake Pit.
 13253 | Lair:4   | Received a gift from Okawaru
 13276 | Lair:4   | Noticed a death yak
 13287 | Lair:4   | Killed a death yak
 13620 | Lair:4   | Received a gift from Okawaru
 13751 | Lair:4   | Found a labyrinth entrance.
 13763 | Lab      | Entered a labyrinth
 13958 | Lab      | Noticed a minotaur
 13963 | Lab      | Killed a minotaur
 14391 | Lair:5   | Noticed sonasty's ghost (journeyman DEFE)
 14394 | Lair:5   | Noticed a seven-headed hydra
 14453 | Lair:5   | Noticed a death yak
 14453 | Lair:5   | Noticed a death yak
 14453 | Lair:5   | Noticed a death yak
 14453 | Lair:5   | Noticed a death yak
 14454 | Lair:5   | Noticed a death yak
 14526 | Lair:5   | Killed a seven-headed hydra
 14527 | Lair:5   | Noticed a death yak
 14533 | Lair:5   | Killed a death yak
 14535 | Lair:5   | Noticed a death yak
 14537 | Lair:5   | Noticed a death yak
 14556 | Lair:5   | Killed a death yak
 14563 | Lair:5   | Killed a death yak
 14569 | Lair:5   | Killed sonasty's ghost
 14569 | Lair:5   | Reached skill level 13 in Fighting
 14655 | Lair:5   | Killed a death yak
 14674 | Lair:5   | Killed a death yak
 14677 | Lair:5   | Killed a death yak
 14677 | Lair:5   | Received a gift from Okawaru
 14677 | Lair:5   | Reached XP level 13. HP: 122/122 MP: 13/13
 14786 | Lair:5   | Got a heavily runed bone ring
 15010 | Lair:5   | Found a staircase to the Slime Pits.
 15010 | Lair:5   | Found a viscous altar of Jiyva.
 15111 | Lair:5   | Found a white marble altar of Elyvilon.
 15583 | Lair:5   | Noticed an entropy weaver
 15589 | Lair:5   | Killed an entropy weaver
 15589 | Lair:5   | Received a gift from Okawaru
 15622 | Lair:5   | Received a gift from Okawaru
 16036 | Lair:5   | Noticed an entropy weaver
 16042 | Lair:5   | Killed an entropy weaver
 16042 | Lair:5   | Received a gift from Okawaru
 16141 | Lair:5   | Received a gift from Okawaru
 16145 | Lair:5   | Got an ichor-stained shortbow {god gift}
 16333 | Lair:5   | Identified the +0 shortbow of Piteushri {flame, rElec rC- rN++ Stlth+} (Okawaru gifted it to you on level 5 of the Lair of Beasts)
 16336 | Lair:5   | Identified a scroll of acquirement
 16337 | Lair:5   | Got a shimmering jade ring
 16338 | Lair:5   | Identified the ring of Fustroph {rF+ rN+} (You acquired it on level 5 of the Lair of Beasts)
 16339 | Lair:5   | Identified the ring "Fusamog" {Wiz rF+ MR+ Slay+3} (You found it on level 5 of the Lair of Beasts)
 16496 | Lair:6   | Entered Level 6 of the Lair of Beasts
 17062 | Lair:6   | Noticed a dire elephant
 17062 | Lair:6   | Noticed a dire elephant
 17077 | Lair:6   | Killed a dire elephant
 17078 | Lair:6   | Noticed a dire elephant
 17099 | Lair:6   | Killed a dire elephant
 17099 | Lair:6   | Received a gift from Okawaru
 17108 | Lair:6   | Noticed a dire elephant
 17109 | Lair:6   | Killed a dire elephant
 17109 | Lair:6   | Reached skill level 14 in Fighting
 17109 | Lair:6   | Reached XP level 14. HP: 36/132 MP: 14/14
 17153 | Lair:6   | Got a fine broad axe
 17855 | Lair:6   | Received a gift from Okawaru
 18048 | Lair:6   | Received a gift from Okawaru
 18060 | Lair:6   | Reached skill level 10 in Armour
 18149 | Lair:6   | Received a gift from Okawaru
 18223 | Lair:6   | Received a gift from Okawaru
 18294 | Lair:6   | Reached skill level 15 in Fighting
 18354 | Lair:6   | Got a bronze chain mail
 18405 | Lair:6   | Identified the Collected Works on Feathers and the Voyage
 19101 | D:10     | Entered Level 10 of the Dungeon
 20283 | D:11     | Noticed MirrMurr's ghost (journeyman SpBe)
 20297 | D:11     | Killed MirrMurr's ghost
 20415 | D:11     | Found a shimmering altar of Xom.
 20742 | D:11     | Found Fan Piod's Jewellery Emporium.
 20817 | D:11     | Identified the +5 chain mail "Conox" {-Cast rPois Str+4 Slay+3} (You found it on level 6 of the Lair of Beasts)
 20892 | D:11     | Found the +5 scythe "Finisher" {speed, Str+3}
 21403 | D:12     | Reached XP level 15. HP: 130/143 MP: 15/15
 21609 | D:12     | Found Wacked's Gadget Shop.
 21974 | D:13     | Received a gift from Okawaru
 21997 | D:13     | Noticed Maurice
 21998 | D:13     | Killed Maurice
 22031 | D:13     | Received a gift from Okawaru
 22032 | D:13     | Got an ichor-stained hat {god gift}
 22049 | D:13     | Identified the +0 hat "Lyghulum" {rElec rF- rC+ Dex+2} (Okawaru gifted it to you on level 13 of the Dungeon)
 22069 | D:13     | Noticed Urug
 22076 | D:13     | Killed Urug
 22248 | D:13     | Noticed Azrael
 22258 | D:13     | Killed Azrael
 22266 | D:13     | Reached skill level 16 in Fighting
 23062 | D:14     | Found a shattered altar of Ashenzari.
 23104 | D:14     | Identified the +8 broad axe of Cufuf {protect, rC+++ Str-4 Dex-3} (You found it on level 6 of the Lair of Beasts)
 23108 | D:14     | Found a gate to the Vaults.
 23579 | D:15     | Entered Level 15 of the Dungeon
 23610 | D:15     | Found Emenik's Magic Scroll Shop.
 23617 | D:15     | Bought 3 scrolls of blinking for 247 gold pieces
 23738 | D:15     | Received a gift from Okawaru
 23775 | D:15     | Found a staircase to the Depths.
 24747 | Orc:1    | Entered Level 1 of the Orcish Mines
 24756 | Orc:1    | Found Ygrunt's Book Boutique.
 24856 | Orc:1    | Reached skill level 17 in Fighting
 24966 | Orc:2    | Entered Level 2 of the Orcish Mines
 25223 | Orc:2    | Received a gift from Okawaru
 25292 | Orc:2    | Found a staircase to the Elven Halls.
 25413 | Orc:2    | Received a gift from Okawaru
 25655 | Orc:2    | Reached XP level 16. HP: 118/155 MP: 16/16
 26112 | Orc:2    | Found Esiffo's Antique Armour Shop.
 26112 | Orc:2    | Found Ykuhor's Armour Shop.
 26114 | Orc:2    | Found Nooblos's Antique Weapon Boutique.
 26114 | Orc:2    | Found Ofoitoiz's Antique Armour Shop.
 26129 | Orc:2    | Bought a warped longbow for 256 gold pieces
 26132 | Orc:2    | Identified the +2 longbow of Kyratuaf {venom, Str+6 Int+2 Stlth-} (You bought it in a shop on level 2 of the Orcish Mines)
 26369 | Snake:1  | Entered Level 1 of the Snake Pit
 27534 | Snake:1  | Found an ornate altar of the Wu Jian Council.
 27695 | Snake:1  | Received a gift from Okawaru
 27707 | Snake:1  | Reached skill level 18 in Fighting
 27841 | Snake:1  | Got a faintly glowing tin ring
 28296 | Snake:1  | Identified the ring of Dulokh {rPois Stlth-} (You took it off a naga on level 1 of the Snake Pit)
 29465 | Snake:3  | Received a gift from Okawaru
 29499 | Snake:3  | Reached XP level 17. HP: 128/166 MP: 17/17
 29666 | Snake:3  | Received a gift from Okawaru
 30689 | Snake:4  | Entered Level 4 of the Snake Pit
 30741 | Snake:4  | Received a gift from Okawaru
 30742 | Snake:4  | Got an iridescent battleaxe {god gift}
 30747 | Snake:4  | Reached skill level 19 in Fighting
 31418 | Snake:4  | Received a gift from Okawaru
 32093 | Snake:4  | Got a serpentine rune of Zot
 32428 | Snake:4  | Identified the +8 battleaxe "Peoke" {protect, MR+ Str+2} (Okawaru gifted it to you on level 4 of the Snake Pit)
 33009 | Depths:1 | Entered Level 1 of the Depths
 33176 | Depths:1 | Received a gift from Okawaru
 33205 | Depths:1 | Reached skill level 20 in Fighting
 33215 | Depths:1 | Reached skill level 15 in Armour
 33215 | Depths:1 | Reached XP level 18. HP: 114/178 MP: 18/18
 33394 | Depths:1 | Received a gift from Okawaru
 33395 | Depths:1 | Got a warped longbow {god gift}
 33396 | Depths:1 | Identified the +1 longbow "Rosyaz" {speed, rF+ MR+} (Okawaru gifted it to you on level 1 of the Depths)
 33961 | Depths:1 | Found Ushrihorr's Gadget Shoppe.
 33961 | Depths:1 | Found Poadeiqof's Jewellery Shop.
 33962 | Depths:1 | Found Zakhlokudwy's Jewellery Shop.
 34019 | Depths:1 | Found a gateway to Hell.
 34027 | Depths:1 | Received a gift from Okawaru
 34103 | Depths:1 | Received a gift from Okawaru
 35212 | Depths:1 | HP: 9/180 [deep troll (20)]
 35626 | Depths:2 | Found a one-way gate to the infinite horrors of the Abyss.
 35637 | Depths:2 | Found a gateway to a ziggurat.
 35880 | Depths:1 | HP: 9/180 [deep troll (11)]
 35892 | Depths:1 | Reached skill level 21 in Fighting
 37014 | Depths:2 | Received a gift from Okawaru
 37076 | Depths:2 | Reached XP level 19. HP: 189/189 MP: 19/19
 37088 | Depths:2 | Noticed a Tzitzimitl
 37649 | Depths:2 | Killed a Tzitzimitl
 37649 | Depths:2 | Received a gift from Okawaru
 37657 | Depths:2 | Found a shadowy altar of Dithmenos.
 37658 | Depths:2 | Got a twitching ivory ring
 37767 | Depths:2 | Received a gift from Okawaru
 37768 | Depths:2 | Got a pitted longbow {god gift}
 38016 | Depths:2 | Identified the +7 longbow of Sloth {speed, rN+ Str+2} (Okawaru gifted it to you on level 2 of the Depths)
 39193 | Depths:3 | Received a gift from Okawaru
 39648 | Depths:3 | Reached skill level 22 in Fighting
 40201 | Depths:3 | Identified the Disquisition on Transmutation
 40311 | Depths:3 | Found a one-way gate leading to the halls of Pandemonium.
 40350 | Depths:4 | Noticed Sojobo
 41258 | Depths:4 | HP: 12/286 [Sojobo/great sword of protection (7)]
 41260 | Depths:4 | HP: 4/286 [Sojobo/great sword of protection (4)]
 41261 | Depths:4 | Killed Sojobo
 42149 | Depths:4 | Received a gift from Okawaru
 42409 | Depths:4 | Reached XP level 20. HP: 201/201 MP: 20/20
 42410 | Depths:4 | Received a gift from Okawaru
 42573 | Depths:4 | Found a transporter.
 42611 | Depths:4 | Found a viscous altar of Jiyva.
 42613 | Depths:4 | Found a transporter.
 42619 | Depths:4 | Received a gift from Okawaru
 43082 | Depths:5 | Entered Level 5 of the Depths
 43823 | Depths:5 | Received a gift from Okawaru
 43861 | Depths:5 | Identified the ring of Webb {+Fly rC- Str+5 Stlth+} (You took it off a boggart on level 2 of the Depths)
 44642 | Depths:5 | Reached skill level 23 in Fighting
 45258 | Depths:5 | Noticed a golden dragon
 45266 | Depths:5 | Killed a golden dragon
 45424 | Depths:5 | Received a gift from Okawaru
 45425 | Depths:5 | Got a pair of pitted gloves {god gift}
 45645 | Depths:5 | Found a gate to the Realm of Zot.
 45977 | Depths:5 | Identified the +2 pair of gloves of Niuraxacve {rN+ Str+2 Dex+2} (Okawaru gifted it to you on level 5 of the Depths)
 46138 | Vaults:1 | Entered Level 1 of the Vaults
 46267 | Vaults:1 | Found Cukecuv's Antique Weapon Emporium.
 46566 | Vaults:1 | Reached XP level 21. HP: 199/212 MP: 21/21
 47612 | Vaults:1 | Received a gift from Okawaru
 47620 | Vaults:1 | Got a bloodstained centaur barding {god gift}
 47621 | Vaults:1 | Identified the -7 centaur barding of the Doldrums {rElec rN+} (Okawaru gifted it to you on level 1 of the Vaults)
 48081 | Vaults:2 | Reached skill level 24 in Fighting
 48087 | Vaults:2 | Noticed Donald
 48094 | Vaults:2 | Killed Donald
 49069 | Vaults:2 | Reached skill level 1 in Invocations
 49816 | Vaults:2 | Received a gift from Okawaru
 50061 | Depths:1 | Bought an uncursed ring of see invisible for 225 gold pieces
 50503 | Vaults:3 | Noticed Frederick
 50510 | Vaults:3 | Killed Frederick
 50574 | Vaults:3 | Reached XP level 22. HP: 201/224 MP: 23/25
 50770 | Vaults:3 | Reached skill level 5 in Invocations
 51772 | Vaults:3 | Received a gift from Okawaru
 52583 | Vaults:3 | Found a portal to a secret trove of treasure.
 52809 | Vaults:3 | Found a staircase to the Crypt.
 52809 | Vaults:3 | Found a basalt altar of Yredelemnul.
 52810 | Vaults:3 | Found an ancient bone altar of Kikubaaqudgha.
 53123 | Vaults:4 | Found a flickering gateway to a bazaar.
 53129 | Bazaar   | Entered a bazaar
 53133 | Bazaar   | Found Tikloz's Food Boutique.
 53151 | Bazaar   | Found Yxtiefak's Antique Armour Emporium.
 53168 | Bazaar   | Found Ywoxit's Antique Armour Boutique.
 53173 | Bazaar   | Bought a warped hat for 171 gold pieces
 53173 | Bazaar   | Identified the -3 hat of Emoshrough {*Drain MR++} (You bought it in a shop in a bazaar)
 53175 | Bazaar   | Bought the +0 mask of the Dragon {MR+ Slay+3 SInv} for 634 gold pieces
 53175 | Bazaar   | Found the +0 mask of the Dragon {MR+ Slay+3 SInv}
 53187 | Bazaar   | Found Vobaqyrch's Antique Weapon Shoppe.
 53230 | Bazaar   | Bought a ration for 40 gold pieces
 53230 | Bazaar   | Bought a ration for 40 gold pieces
 53230 | Bazaar   | Bought a ration for 40 gold pieces
 53230 | Bazaar   | Bought a ration for 40 gold pieces
 53230 | Bazaar   | Bought a ration for 40 gold pieces
 53230 | Bazaar   | Bought a ration for 40 gold pieces
 53230 | Bazaar   | Bought a ration for 40 gold pieces
 53230 | Bazaar   | Bought a ration for 40 gold pieces
 53230 | Bazaar   | Bought a ration for 40 gold pieces
 53230 | Bazaar   | Bought a ration for 40 gold pieces
 53288 | Vaults:4 | Received a gift from Okawaru
 53844 | Vaults:4 | Reached skill level 25 in Fighting
 54741 | Vaults:4 | Reached XP level 23. HP: 233/233 MP: 30/30
 54821 | Vaults:4 | Received a gift from Okawaru
 55187 | Shoals:1 | Entered Level 1 of the Shoals
 55247 | Shoals:1 | Noticed dricus's ghost (adept MfGl)
 55259 | Shoals:1 | Killed dricus's ghost
 55259 | Shoals:1 | Reached skill level 10 in Invocations
 55645 | Shoals:3 | Received a gift from Okawaru
 55724 | Shoals:4 | Entered Level 4 of the Shoals
 55842 | Shoals:4 | Noticed Ilsuiw
 55878 | Shoals:4 | Killed Ilsuiw
 55986 | Shoals:4 | Noticed Nikola
 55993 | Shoals:4 | Killed Nikola
 56478 | Shoals:4 | Noticed Kirke
 56487 | Shoals:4 | Killed Kirke
 56769 | Shoals:4 | Got a barnacled rune of Zot
 57342 | Vaults:5 | Entered Level 5 of the Vaults
 57571 | Vaults:5 | HP: 8/235 [red ugly thing (8)]
 57571 | Vaults:5 | Slain by a red ugly thing

Vault maps used:
D:1:      eino_arrival_water_cross, minmay_misc_feat_rows, minmay_pentomino_u2
D:2:      nicolae_overflow_hidden_temple
D:3:      lemuel_crystal_altar, gup_sewer_entry_glass, okawaru_altar_gauntlet_db
D:5:      first_ration, cheibrodos_gnoll_hut
D:6:      minmay_temple_entry_statues, grunt_dithmenos_smoke
D:7:      palyth_stone_intersect
D:8:      blue_anna_alchemist
D:9:      due_lair_maze_entry_diamond, david_orc_1_choice,
          grunt_decor_one_mirror
D:10:     serial_column_ruins, column_ruins_hut, column_ruins_hut,
          column_ruins_grid_3, column_ruins_open_medium, column_ruins_grid_1,
          column_ruins_open_small
D:11:     serial_shops, shop, basic_altar, amethyst_killhole,
          minmay_guarded_unrand_finisher
D:12:     serial_shops, nicolae_shop_statue_plus, hangedman_parallel_progression
D:13:     uniq_azrael, uniq_urug, uniq_maurice
D:14:     erik_vaults_1, ashenzari_altar_1, glass_columns_a
D:15:     hangedman_depths_entry_civil_slaughter, serial_shops,
          nicolae_shop_competitors_out_of_business, roderic_roman_lattice,
          minmay_misc_feat_enclosed
Lair:1:   serial_bayou_lake_a
Lair:2:   shoals_dummy_entry, minmay_hedge_maze, beast_lair_carwin_6,
          grunt_megastairs_3
Lair:3:   beast_lair_carwin_8
Lair:4:   statuecave_lemuel, guppyfry_snake_entry_island, lab_entry_generic,
          nicolae_quartered_pool_medium, beast_lair_carwin_4
Lair:5:   slime_altar_1, basic_altar, minivault_23, zaba_antful_of_joy
Lair:6:   due_jungle_book, minmay_lair_oklob_chamber, serial_bayou_shore_a
Shoals:1: portal_ice_cave_entry_pillars_three, hangedman_shoal_volcano
Shoals:2: nicolae_shoals_dead_sea_scrolls
Shoals:4: shoals_end_simple, shoals_ilsuiw_alternative, ldierk_geyser,
          uniq_nikola, uniq_kirke
Snake:1:  basic_altar, evilmike_ambush
Snake:2:  onia_ninara_swampy_vault
Snake:3:  corexii_hall_statues_l
Snake:4:  minmay_snake_end_coiled, grunt_megastairs_4
Orc:1:    serial_shops, shop_fountains, nicolae_orc_lava_room, uniq_josephine
Orc:2:    st_orc_pillars, nicolae_orc_flooded_monolith, mines5_lemuel
Vaults:1: v_pattern_3, ontoclasm_vaults_tryst, vaults_dpeg_doors, v_misc_32,
          vaults_standard_mumra_x, v_misc_28, ontoclasm_vaults_chip,
          ontoclasm_vaults_spin, nicolae_vaults_know_your_exits, serial_shops,
          shop
Vaults:2: v_misc_24, nicolae_vaults_yaktaur_gun_rack,
          nicolae_vaults_network_quinsquares, dpeg_vaults_monster_box,
          ontoclasm_vaults_decontamination, st_eye,
          nicolae_vaults_stairing_the_circle, nicolae_vaults_little_squares_5,
          v_misc_18, grunt_vaults_funnel, vaults_room_stairs_pillars,
          uniq_donald
Vaults:3: nicolae_vaults_twisting_passages, minmay_crypt_entry_necro_gods,
          v_misc_31, v_misc_4, vaults_dpeg_spiral,
          nicolae_vaults_little_squares_3, nicolae_vaults_little_squares_5,
          nicolae_vaults_murderbox, nicolae_vaults_circle_grid_a, v_rooms_4,
          v_misc_16, v_misc_4, nicolae_vaults_alarming,
          nicolae_trove_entry_columns, uniq_frederick
Vaults:4: nicolae_vaults_shelves_hall, v_misc_27, v_misc_26,
          hangedman_vaults_stream, v_misc_4, v_misc_1,
          hangedman_vaults_variations, st_octagons_2, v_misc_19, serial_shops,
          bzr_entry_safe
Depths:1: minmay_misc_feat_iff, pf_vacation_house_of_asmodeus,
          grunt_ministairs_15, kennysheep_generic_room_11, minmay_shop_grove
Depths:2: regret_index_dithmenos_brocken_genspenst, enter_ziggurat_b,
          hell_entry, abyss_entry, kennysheep_boxes
Depths:3: kennysheep_four_of_diamonds, pf_hell_entry_tar_river,
          rand_demon_pan_entry_4, abyss_entry
Depths:4: gammafunk_jiyva_shrine, grunt_mini_vestibule, abyss_entry,
          dk_noncrumbling_4, st_stairs_4, kennysheep_small_square, uniq_sojobo
Depths:5: lemuel_castle_with_subvaults, pan_entry, hell_entry,
          kilobyte_rumbling_trees
Bazaar:   bazaar_jpeg_circle_common
Sewer:    sewer_minmay_treatment

Skill      XL: |  1  2  3  4  5  6  7  8  9 10 11 12 13 14 15 16 17 18 19 20 21 22 23 |
---------------+----------------------------------------------------------------------+-----
Bows           | 6 7 8 9 11 13 15 16 18 19 20 | 20.0
Fighting       | 3 4 5 7 8 10 12 13 14 15 17 18 20 21 22 23 24 25 | 25.6
Armour         | 4 6 8 9 10 12 13 15 16 17 18 19 20 | 20.1
Invocations    | 4 9 11 | 11.3
Dodging        | |  1.3
Stealth        | |  0.4

Action                   |  1- 3 |  4- 6 |  7- 9 | 10-12 | 13-15 | 16-18 | 19-21 | 22-24 || total
-------------------------+-------+-------+-------+-------+-------+-------+-------+-------++-------
Melee: Short sword       |       |       |    29 |    18 |     2 |       |       |       ||    49
       Kick              |       |       |     8 |    10 |     2 |       |    12 |       ||    32
       Broad axe         |       |       |       |       |     7 |       |       |       ||     7
       Triple sword      |       |       |       |       |       |       |    24 |       ||    24
       Longbow           |       |       |       |       |       |       |     2 |       ||     2
 Fire: Shortbow          |   122 |   336 |   548 |   427 |       |       |       |       ||  1433
       Longbow           |       |       |       |   205 |  1334 |  1366 |  1697 |  1103 ||  5705
Invok: Heroism           |       |       |       |       |       |       |     1 |     1 ||     2
       Finesse           |       |       |       |       |       |       |       |     1 ||     1
  Use: Potion            |     1 |       |       |       |       |     9 |    19 |     1 ||    30
       Scroll            |       |       |    10 |     6 |    25 |     9 |    12 |     4 ||    66
  Eat: Chunk             |       |     6 |     8 |    12 |    21 |    18 |    18 |    14 ||    97
       Ration            |       |       |     1 |     1 |     1 |     3 |     5 |     1 ||    12
Armor: Leather armour    |    33 |     2 |       |       |       |       |       |       ||    35
       Scale mail        |       |    35 |       |       |       |       |       |       ||    35
       Plate armour      |       |    41 |   107 |    66 |   134 |       |       |       ||   348
       Chain mail        |       |       |       |       |   136 |   262 |   426 |   238 ||  1062
Dodge: Dodged            |    38 |    37 |    26 |    28 |   181 |   217 |   344 |   112 ||   983
       Rpst.: Triple sword |       |       |       |       |       |       |     8 |       ||     8

Table legend:
 A = Spawn XP
 B = Non-spawn XP
 C = Spawn XP percentage of total XP
 D = Spawn monster count
 E = Non-spawn monster count
 F = Spawn count percentage of total count
 G = Total turns spent on level
                    A         B        C        D         E        F      G
               +---------+---------+-------+---------+---------+-------+---------
         Total |       0 |  929537 |   0.0 |       0 |    1963 |   0.0 | 57571
               +---------+---------+-------+---------+---------+-------+---------
           D:1 |       0 |      63 |   0.0 |       0 |      27 |   0.0 |  1044
           D:2 |       0 |      48 |   0.0 |       0 |      15 |   0.0 |   429
           D:3 |       0 |     279 |   0.0 |       0 |      43 |   0.0 |   865
           D:4 |       0 |     326 |   0.0 |       0 |      21 |   0.0 |  1045
           D:5 |       0 |    1011 |   0.0 |       0 |      22 |   0.0 |   958
           D:6 |       0 |    1142 |   0.0 |       0 |      21 |   0.0 |  1305
           D:7 |       0 |    1338 |   0.0 |       0 |      28 |   0.0 |  1007
           D:8 |       0 |     731 |   0.0 |       0 |      10 |   0.0 |  1027
           D:9 |       0 |    3423 |   0.0 |       0 |      35 |   0.0 |  1653
          D:10 |       0 |     735 |   0.0 |       0 |      10 |   0.0 |  1050
          D:11 |       0 |    6471 |   0.0 |       0 |      32 |   0.0 |   884
          D:12 |       0 |    6354 |   0.0 |       0 |      70 |   0.0 |  1080
          D:13 |       0 |   12108 |   0.0 |       0 |      30 |   0.0 |  1000
          D:14 |       0 |    8461 |   0.0 |       0 |      32 |   0.0 |   898
          D:15 |       0 |   19403 |   0.0 |       0 |      38 |   0.0 |  1276
        Lair:1 |       0 |    2509 |   0.0 |       0 |      19 |   0.0 |  1020
        Lair:2 |       0 |    6776 |   0.0 |       0 |      30 |   0.0 |  1624
        Lair:3 |       0 |    6420 |   0.0 |       0 |      25 |   0.0 |   981
        Lair:4 |       0 |    9248 |   0.0 |       0 |      29 |   0.0 |  1858
        Lair:5 |       0 |   27808 |   0.0 |       0 |      76 |   0.0 |  2150
        Lair:6 |       0 |   32397 |   0.0 |       0 |      66 |   0.0 |  2158
      Shoals:1 |       0 |    9188 |   0.0 |       0 |      20 |   0.0 |   200
      Shoals:2 |       0 |    3142 |   0.0 |       0 |       6 |   0.0 |   267
      Shoals:3 |       0 |    5945 |   0.0 |       0 |      12 |   0.0 |   228
      Shoals:4 |       0 |   43725 |   0.0 |       0 |      65 |   0.0 |  1099
       Snake:1 |       0 |   24575 |   0.0 |       0 |      49 |   0.0 |  1451
       Snake:2 |       0 |   18767 |   0.0 |       0 |      37 |   0.0 |  1079
       Snake:3 |       0 |   19878 |   0.0 |       0 |      43 |   0.0 |  1307
       Snake:4 |       0 |   56557 |   0.0 |       0 |     110 |   0.0 |  2106
         Orc:1 |       0 |     470 |   0.0 |       0 |      10 |   0.0 |   237
         Orc:2 |       0 |   15845 |   0.0 |       0 |     105 |   0.0 |  1258
      Vaults:1 |       0 |   75026 |   0.0 |       0 |     132 |   0.0 |  2537
      Vaults:2 |       0 |   57051 |   0.0 |       0 |      96 |   0.0 |  1857
      Vaults:3 |       0 |   82824 |   0.0 |       0 |     111 |   0.0 |  2649
      Vaults:4 |       0 |   70968 |   0.0 |       0 |      88 |   0.0 |  1740
      Vaults:5 |       0 |   14428 |   0.0 |       0 |      21 |   0.0 |   229
      Depths:1 |       0 |   62678 |   0.0 |       0 |      79 |   0.0 |  3243
      Depths:2 |       0 |   45334 |   0.0 |       0 |      69 |   0.0 |  2075
      Depths:3 |       0 |   60519 |   0.0 |       0 |      78 |   0.0 |  2760
      Depths:4 |       0 |   33010 |   0.0 |       0 |      35 |   0.0 |  1972
      Depths:5 |       0 |   81119 |   0.0 |       0 |      69 |   0.0 |  2951
           Lab |       0 |    1200 |   0.0 |       0 |       1 |   0.0 |   208
         Sewer |       0 |     237 |   0.0 |       0 |      48 |   0.0 |   692
               +---------+---------+-------+---------+---------+-------+---------
